 Dungeon Crawl Stone Soup version 0.31.0-2-g5a2aebc5c2 (webtiles) character file.

Game seed: 12604552423392176641

184 apoch the Chopper (level 5, -1/45 HPs)
             Began as a Hill Orc Fighter on Jan 20, 2024.
             Killed from afar by Ijyb (3 damage)
             ... with a puff of flame
             ... on level 3 of the Dungeon.
             The game lasted 00:06:34 (1647 turns).

apoch the Chopper (Hill Orc Fighter)                Turns: 1647, Time: 00:06:35

Health: -1/45      AC:  8    Str: 21    XL:     5   Next: 63%
Magic:  5/5        EV:  9    Int:  8    God:
Gold:   199        SH:  4    Dex: 10    Spells: 4/4 levels left

rFire   . . .        a - +0 war axe
rCold   . . .        c - +0 buckler
rNeg    . . .        b - +0 scale mail
rPois   .            m - +0 helmet
rElec   .            (no cloak)
rCorr   .            (no gloves)
SInv    .            (no boots)
Will    .....        (no amulet) Stlth
                     (no ring)
HPRegen 0.27/turn    (no ring)
MPRegen 0.09/turn

%: no passive effects
@: no status effects
A: no striking features
a: no special abilities


You were on level 3 of the Dungeon.
You visited 1 branch of the dungeon, and saw 3 of its levels.

You collected 199 gold pieces.

Inventory:

Hand Weapons
 a - a +0 war axe (weapon)
Armour
 b - a +0 scale mail (worn)
 c - a +0 buckler (worn)
 m - a +0 helmet (worn)
Scrolls
 e - a scroll of identify
 j - a scroll of enchant weapon {unknown}
Potions
 d - a potion of might
 f - a potion of cancellation
 g - a potion of invisibility
 h - 2 potions of brilliance {unknown}
 i - 2 potions of curing


   Skills:
 - Level 3.6 Fighting
 + Level 7.5 Axes
 - Level 3.2 Armour
 - Level 3.2 Shields


You had 4 spell levels left.
You didn't know any spells.
Your spell library contained the following spells:

 Spells                   Type           Power      Damage    Failure   Level
 Volatile Blastmotes      Fire/Tloc      0%         2d10      99%         3
 Fulminant Prism          Conj/Alch      0%         3d5       100%        4
 Iskenderun's Mystic Bla  Conj/Tloc      0%         2d3       100%        4


Dungeon Overview and Level Annotations

Branches:
Dungeon (3/15)

Altars:

Shops:
D:2 [

Annotations:
D:3 Ijyb


Message History

Ijyb zaps a wand.
The puff of flame misses you.
You hit Ijyb.
Ijyb is almost dead.
Ijyb zaps a wand.
The puff of flame hits you.
You barely miss Ijyb.
Ijyb is almost dead.
Ijyb closely misses you.
You completely miss Ijyb.
Ijyb is almost dead.
Ijyb hits you with a +0 club.
You hit Ijyb but do no damage.
Ijyb is almost dead.
Ijyb zaps a wand.
The puff of flame hits you. Ijyb closely misses you.
You closely miss Ijyb.
Ijyb is almost dead.
Ijyb barely misses you.
You closely miss Ijyb.
Ijyb is almost dead.
Ijyb barely misses you.
You barely miss Ijyb.
Ijyb is almost dead.
Ijyb hits you with a +0 club.
You barely miss Ijyb.
Ijyb is almost dead.
You block Ijyb's attack.
You hit Ijyb but do no damage.
Ijyb is almost dead.
Ijyb zaps a wand.
The puff of flame hits you.
You hit Ijyb.
Ijyb is almost dead.
Ijyb hits you with a +0 club. x2
* * * LOW HITPOINT WARNING * * *
You barely miss Ijyb.
Ijyb is almost dead.
Ijyb zaps a wand.
The puff of flame hits you!
* * * LOW HITPOINT WARNING * * *
You hit Ijyb but do no damage.
Ijyb is almost dead.
Ijyb zaps a wand.
The puff of flame hits you.
You die...

#.#.......#
##.#..........
...#.#...#####
..))....## #.
........# .#####
........... ....###
.. .###....#...
..... .#. )#
#.####...#.##g)# #..
.. .# #.#
##.##@.###.. ... .#
#.# #.##....#.##.#
.# .# #.#(....#....#
.# .# #
#............##.#
.###.#
#.##.###).........<#
.....# #....#
#............ .#####
###<# #..........#
.# ##...##.#....###
.########
##.###.#.^..#


You could see Ijyb.

Vanquished Creatures
  A bombardier beetle (D:3)
  An orc priest (D:3)
  A gnoll (D:1)
  4 adders
  A ribbon worm (D:2)
  2 orcs (D:3)
  6 bats
  8 endoplasms
  2 giant cockroaches
  6 goblins
  6 hobgoblins
  9 kobolds
  2 quokkas
  7 ball pythons
  9 frilled lizards
  5 rats
70 creatures vanquished.

Notes
Turn   | Place    | Note
-------+----------+-------------------------------------------
     0 | D:1      | apoch the Hill Orc Fighter began the quest for the Orb.
     0 | D:1      | Reached XP level 1. HP: 19/19 MP: 1/1
    21 | D:1      | Reached skill level 3 in Axes
    53 | D:1      | Reached XP level 2. HP: 20/26 MP: 2/2
   131 | D:1      | Reached skill level 4 in Axes
   254 | D:1      | Reached XP level 3. HP: 18/31 MP: 3/3
   404 | D:1      | Reached skill level 5 in Axes
   567 | D:2      | Found Ifawoac's Armour Shop.
   623 | D:2      | Found a faded altar of an unknown god.
   699 | D:2      | Reached XP level 4. HP: 26/39 MP: 4/4
   772 | D:2      | Identified the +0 leather armour of Vehumet's Displeasure
                  | {Int+3}
   899 | D:2      | Reached skill level 6 in Axes
  1476 | D:3      | Reached XP level 5. HP: 45/45 MP: 5/5
  1484 | D:3      | Reached skill level 7 in Axes
  1617 | D:3      | Noticed Ijyb
  1646 | D:3      | HP: 2/45 [Ijyb/puff of flame (10)]
  1647 | D:3      | Killed from afar by Ijyb

Illustrated notes

Levels and vault maps discovered:
D:1:      grunt_arrival_lava_bath, layout_rooms
D:2:      wad_river_or_something, layout_rooms, serial_shops, shop,
          hellmonk_ecumenical_altar_run_dry
D:3:      layout_loops_ring, nicolae_overflow_squiral, uniq_ijyb

Skill      XL: |  1  2  3  4  5 |
---------------+----------------+-----
Axes           | 3 4 5 6 7 |  7.5
Fighting       | |  3.6
Armour         | |  3.2
Shields        | |  3.2

Action                     |  1- 3 |  4- 6 || total
---------------------------+-------+-------++-------
  Melee: War axe           |    80 |   128 ||   208
  Throw: Stone             |       |    24 ||    24
    Use: Scroll            |       |     6 ||     6
 Armour: Scale mail        |    50 |    86 ||   136
  Dodge: Dodged            |    38 |    46 ||    84
  Block: Buckler           |    11 |    22 ||    33
